 Dungeon Crawl Stone Soup version 0.29.1-12-g30fa7ad0bf (webtiles) character file.

Game seed: 15407357208327820135

109 MisterFreud the Shooter (level 5, -4/43 HPs)
             Began as a Formicid Wanderer on Dec 17, 2022.
             Killed from afar by an acid dragon (8 damage)
             ... with a splash of acid
             ... on level 8 of the Dungeon.
             The game lasted 00:03:20 (2536 turns).

MisterFreud the Shooter (Formicid Wanderer)         Turns: 2536, Time: 00:03:20

Health: -4/43      AC:  8    Str: 18    XL:     5   Next: 13%
Magic:  6/6        EV:  7    Int: 13    God:
Gold:   57         SH:  0    Dex: 12    Spells: 5/6 levels left

rFire   + . .      SeeInvis +   a - +2 sling
rCold   . . .      Faith    .   (no shield)
rNeg    . . .      Spirit   .   l - +0 chain mail
rPois   .          Reflect  .   (helmet unavailable)
rElec   .          Harm     .   (no cloak)
rCorr   .          Rampage  .   (no gloves)
Will    .....                   (no boots)
Stlth   ..........              (no amulet)
HPRegen 0.14/turn               h - ring of protection from fire
MPRegen 0.10/turn               (no ring)

@: no status effects
A: permanent stasis, dig shafts and tunnels, antennae 3, four strong arms
a: Dig, Shaft Self


You were on level 8 of the Dungeon.
You visited 1 branch of the dungeon, and saw 6 of its levels.

You collected 57 gold pieces.

Inventory:

Hand Weapons
 a - a +2 sling (weapon)
Missiles
 k - a throwing net
Armour
 b - a +0 scale mail
 l - a +0 chain mail (worn)
Jewellery
 h - a ring of protection from fire (left hand)
Scrolls
 c - 2 scrolls of fear
 m - a scroll of identify
Potions
 d - a potion of brilliance
 e - 2 potions of lignification
 f - a potion of mutation {unknown}
 g - a potion of curing
 i - a potion of flight {unknown}
 j - 2 potions of berserk rage {unknown}
 n - a potion of resistance {unknown}


   Skills:
 + Level 4.4 Fighting
 - Level 5.0 Ranged Weapons
 + Level 1.8 Armour
 - Level 1.2 Stealth
 - Level 1.1 Spellcasting
 - Level 2.6 Poison Magic


You had 5 spell levels left.
You knew the following spells:

 Your Spells              Type           Power      Damage    Failure   Level
a - Sting                 Tmut/Pois      16%        1d3       93%         1

Your spell library contained the following spells:

 Spells                   Type           Power      Damage    Failure   Level
 Ignite Poison            Fire/Tmut/Pois 3%         N/A       100%        3


Dungeon Overview and Level Annotations

Branches:
Dungeon (4/15)
 Temple: D:4-7

Altars:
Ru
Trog
Wu Jian

Annotations:
D:2 Natasha


Innate Abilities, Weirdness & Mutations

You cannot be hasted, slowed, berserked, paralysed or teleported.
You can dig through walls and to a lower floor.
You have a pair of large antennae on your head. (SInv)
Your four strong arms can wield two-handed weapons with a shield.


Message History

The sling bullet barely misses the ice beast.
A bullfrog comes into view.
The ice beast hits you. The ice beast freezes you.
You shoot a sling bullet.
The sling bullet hits the ice beast but does no damage.
The ice beast is lightly wounded.
The ice beast hits you but does no damage.
Are you sure you want to shaft yourself?
The ice beast hits you but does no damage.
You begin to dig a shaft.
You continue digging a shaft.
The ice beast hits you. The ice beast freezes you! A shaft appears beneath you!
You fall into a shaft and drop 2 floors!
The shaft crumbles and collapses.
Found a falchion.
Unknown command.
Unknown command.
You start resting.
HP restored.
You sense a monster nearby. 2 centaurs and an acid dragon come into view.
Found a scroll of identify.
The centaur shouts! x2; The acid dragon roars!
The acid dragon attacks as you move away!
The acid dragon bites you.
The acid dragon claws you but does no damage.
The acid dragon spits acid at you. The splash of acid hits you!
The centaur wields a +0 shortbow.
The centaur shoots an arrow.
The arrow hits you.
The centaur wields a +0 shortbow.
The centaur shoots an arrow.
The arrow hits you! As you open the door, it creaks loudly!
You hear an angry buzzing noise.
The centaur shoots an arrow.
The arrow barely misses you.
The centaur shoots an arrow.
The arrow hits you.
* * * LOW HITPOINT WARNING * * *
The centaur shoots an arrow.
The arrow hits you!
* * * LOW HITPOINT WARNING * * *
The acid dragon spits acid at you. The splash of acid hits you!
You die...

..♣♣♣ ♣...## .
....$.♣....#
.. ♣?.c♣....#
... ♣..c.....#
#...♣♣♣♣♣cc..+
#............#
#....).D....#
##.........##
###...@..##
####'### ..#
#.## #. .. { {
#. { #.


You could see an acid dragon (catching breath) and 2 centaurs.

Vanquished Creatures
  Natasha (D:2)
  A gnoll (D:3)
  3 adders
  A dart slug (D:2)
  4 orcs (D:3)
  3 ball pythons
  5 endoplasms
  A giant cockroach (D:4)
  3 goblins (D:3)
  5 hobgoblins
  7 kobolds
  A quokka (D:1)
  4 bats
  2 rats
41 creatures vanquished.

Notes
Turn   | Place    | Note
-------+----------+-------------------------------------------
     0 | D:1      | MisterFreud the Formicid Wanderer began the quest for the
                  | Orb.
     0 | D:1      | MisterFreud set off with the following items: a +2 sling, a
                  | +0 scale mail, a scroll of fear; and the following spell
                  | memorised: Sting; and the following spells available to
                  | memorise: Ignite Poison.
     0 | D:1      | Reached XP level 1. HP: 13/13 MP: 2/2
     6 | D:1      | Noticed a black mamba
     6 | D:1      | Noticed a rime drake
     7 | D:1      | Noticed a hound
   191 | D:1      | Reached skill level 1 in Fighting
   331 | D:1      | Reached XP level 2. HP: 22/22 MP: 3/3
   757 | D:2      | Noticed Natasha
   767 | D:2      | Noticed a crimson imp
   767 | D:2      | Killed Natasha
   768 | D:2      | Reached XP level 3. HP: 7/29 MP: 0/4
   772 | D:2      | Noticed Natasha
   792 | D:2      | You fall into a shaft and drop 1 floor!
  1181 | D:3      | Reached XP level 4. HP: 35/35 MP: 5/5
  1291 | D:3      | Found a bloodstained altar of Trog.
  1611 | D:3      | You fall into a shaft and drop 1 floor!
  1895 | D:4      | Reached XP level 5. HP: 36/43 MP: 6/6
  1995 | D:4      | Found an ornate altar of the Wu Jian Council.
  2016 | D:4      | Identified the +1 mace of Fedhas {vorpal, Str-4 Int+7}
  2087 | D:3      | Found a sacrificial altar of Ru.
  2113 | D:3      | You fall into a shaft and drop 3 floors!
  2389 | D:6      | Noticed an ice beast
  2391 | D:6      | Noticed a bullfrog
  2395 | D:6      | You fall into a shaft and drop 2 floors!
  2531 | D:8      | Noticed a centaur
  2531 | D:8      | Noticed a centaur
  2531 | D:8      | Noticed an acid dragon
  2536 | D:8      | Killed from afar by an acid dragon

Illustrated notes

Levels and vault maps discovered:
D:1:      onia_arrival_zoo_common, layout_basic, amcnicky_mini_corridor_feature,
          hangedman_glass_teeth
D:2:      layout_loops_ring, uniq_natasha
D:3:      layout_loops_ring, trog_hazing_becter, old_standard_altar,
          nrook_campfire
D:4:      layout_basic, mainiacjoe_overflow_chevrons,
          cheibrodos_ashenzari_chains, dreamdust_wishing_well, uniq_duvessa
D:6:      layout_basic, nzn_hepliaklqana_mist_gate, minmay_strange_pillars,
          kennysheep_donut, hangedman_abyss_or_decor_stagger,
          chequers_mini_garden, kennysheep_generic_room_7
D:8:      layout_loops_ring, elyvilon_altar_5, kennysheep_potato

Skill      XL: |  1  2  3  4 |
---------------+-------------+-----
Fighting       | 1 3 4 |  4.4
Ranged Weapons | |  5.0
Armour         | |  1.8
Stealth        | |  1.2
Spellcasting   | |  1.1
Poison Magic   | |  2.6

Action                   |  1- 3 |  4- 6 || total
-------------------------+-------+-------++-------
 Fire: Sling             |    68 |   107 ||   175
 Cast: Sting             |     2 |       ||     2
 Abil: Shaft Self        |     1 |     3 ||     4
  Use: Scroll            |     5 |       ||     5
Armor: Scale mail        |    16 |     9 ||    25
       Chain mail        |       |    35 ||    35
Dodge: Dodged            |    17 |    43 ||    60
